 Dungeon Crawl Stone Soup version 0.31.0-11-ge490571c62 (webtiles) character file.

Game seed: 3481497698608071751

372 Arctor the Magician (level 6, -2/32 HPs)
             Began as a Deep Elf Fire Elementalist on Feb 2, 2024.
             Killed from afar by an orc wizard (10 damage)
             ... with a magic dart
             ... on level 4 of the Dungeon.
             The game lasted 00:03:56 (3681 turns).

Arctor the Magician (Deep Elf Fire Elementalist)    Turns: 3681, Time: 00:03:57

Health: -2/32      AC:  4    Str:  5    XL:     6   Next: 43%
Magic:  4/15       EV: 13    Int: 22    God:
Gold:   150        SH:  0    Dex: 15    Spells: 11/14 levels left

rFire   . . .        u - +1 dagger (venom)
rCold   . . .        (no shield)
rNeg    . . .        a - +0 robe
rPois   .            (no helmet)
rElec   .            i - +0 cloak
rCorr   .            l - +0 pair of gloves
SInv    .            (no boots)
Will    .....        d - amulet of faith
Stlth   +            (no ring)
HPRegen 0.25/turn    (no ring)
MPRegen 0.14/turn

%: faith
@: confused
A: no striking features
a: no special abilities


You were on level 4 of the Dungeon.
You visited 1 branch of the dungeon, and saw 4 of its levels.

You collected 150 gold pieces.

Inventory:

Hand Weapons
 u - a +1 dagger of venom (weapon)
Armour
 a - a +0 robe (worn)
 i - a +0 cloak (worn)
 l - a +0 pair of gloves (worn)
Jewellery
 d - an amulet of faith (around neck)
Wands
 q - a wand of paralysis (5)
Scrolls
 c - 4 scrolls of teleportation
 g - a scroll of enchant armour {unknown}
 m - a scroll of amnesia {unknown}
 n - a scroll of immolation {unknown}
 s - a scroll of blinking {unknown}
Potions
 b - a potion of magic
 e - 2 potions of berserk rage {unknown}
 f - 2 potions of heal wounds {unknown}
 h - a potion of cancellation {unknown}
 j - a potion of mutation {unknown}
 k - 3 potions of attraction {unknown}
 o - a potion of haste {unknown}
 p - a potion of experience {unknown}
 r - a potion of curing {unknown}
 t - a potion of brilliance {unknown}
 v - 2 potions of enlightenment {unknown}


   Skills:
 + Level 4.2 Dodging
 + Level 4.5 Stealth
 + Level 4.9 Spellcasting
 + Level 3.2 Conjurations
 + Level 4.5 Fire Magic


You had 11 spell levels left.
You knew the following spells:

 Your Spells              Type           Power      Damage    Failure   Level
a - Foxfire               Conj/Fire      88%        2x1d8     1%          1
b - Scorch                Fire           50%        2d7       2%          2

Your spell library contained the following spells:

 Spells                   Type           Power      Damage    Failure   Level
 Sandblast                Erth           10%        2d5       11%         1
 Inner Flame              Hex/Fire       15%        N/A       12%         3
 Volatile Blastmotes      Fire/Tloc      30%        2d12      12%         3
 Stone Arrow              Conj/Erth      24%        3d8       16%         3
 Flame Wave               Conj/Fire      22%        2d8       21%         4
 Passwall                 Erth           5%         N/A       30%         3
 Brom's Barrelling Bould  Conj/Erth      12%        2d4       45%         4


Dungeon Overview and Level Annotations

Branches:
Dungeon (4/15)
 Temple: D:4-7

Altars:


Message History

Unknown command.
You are too injured to fight recklessly!
There are monsters nearby!
Casting: Scorch (safe; 2% risk of failure)
Confirm with . or Enter, or press ? or * to list all spells.
Flames lash the orc.
The orc is heavily wounded.
The orc's fire resistance burns away.
The orc wizard casts a spell.
The orc wizard flickers and vanishes!
Deactivating autopickup; reactivate with Ctrl-A.
You barely miss something. Something hits you.
You closely miss something.
An orc comes into view. It is wielding a +0 flail.
The orc is no longer more vulnerable to fire.
The orc attacks as it pursues you! The orc misses you.
You barely miss the orc.
The orc is heavily wounded.
You hit something but do no damage.
You hear some strange, mumbled words.
You are confused.
You're too confused to cast spells.
Sorry, you're not good enough to have a special ability.
A puff of flame appears from out of thin air!
The puff of flame hits you!
* * * LOW HITPOINT WARNING * * *
You're too confused to cast spells.
Sorry, you're not good enough to have a special ability.
You're too confused to move!
You're too confused to cast spells.
You bump into the rock wall.
You hear some strange, mumbled words.
Something tries to affect you, but you resist.
You bump into the rock wall.
You miss something. Something hits you but does no damage.
You bump into the rock wall.
You hear some strange, mumbled words.
A magic dart appears from out of thin air!
The magic dart hits you!
You die...

. # . .#. .)#
#o# #.##o###
#...S).#
#o######
#oo{@..#
#.####.# ...#
#.# ##### #.#
#######)# #
#.#
........##.##
#.#
#######.....#
#.# #.#
#.###...# #.#
#.# #.# ..


You could see 3 orcs.

Vanquished Creatures
  Grinder (D:3)
  An orc priest (D:4)
  A gnoll bouda (D:3)
  Ijyb (D:3)
  2 adders (D:2)
  2 gnolls
  4 dart slugs
  2 ribbon worms (D:2)
  3 orcs
  3 endoplasms
  A giant cockroach (D:1)
  5 goblins
  3 hobgoblins
  2 quokkas (D:3)
  3 ball pythons
  5 bats
  2 frilled lizards
  7 kobolds
  5 rats
53 creatures vanquished.

Vanquished Creatures (others)
  287 foxfires
287 creatures vanquished.

Grand Total: 340 creatures vanquished

Notes
Turn   | Place    | Note
-------+----------+-------------------------------------------
     0 | D:1      | Arctor the Deep Elf Fire Elementalist began the quest for
                  | the Orb.
     0 | D:1      | Reached XP level 1. HP: 10/10 MP: 6/6
   268 | D:1      | Reached XP level 2. HP: 15/15 MP: 4/8
   939 | D:1      | Learned a level 2 spell: Scorch
  1001 | D:2      | Reached XP level 3. HP: 19/19 MP: 5/9
  2050 | D:3      | Noticed Ijyb
  2055 | D:3      | Paralysed by Ijyb for 4 turns
  2064 | D:3      | Killed Ijyb
  2065 | D:3      | Reached XP level 4. HP: 13/24 MP: 0/11
  2208 | D:3      | Found a faded altar of an unknown god.
  2543 | D:3      | Noticed Grinder
  2545 | D:3      | Paralysed by Grinder for 3 turns
  2551 | D:3      | Paralysed by Grinder for 5 turns
  2560 | D:3      | Paralysed by Grinder for 4 turns
  2561 | D:3      | Killed Grinder
  2562 | D:3      | Reached XP level 5. HP: 20/28 MP: 1/13
  2562 | D:3      | Reached XP level 6. HP: 23/32 MP: 1/14
  3681 | D:4      | Killed from afar by an orc wizard

Illustrated notes

Levels and vault maps discovered:
D:1:      dpeg_arrival_connections, layout_basic, chequers_serial_rivers_small_a
D:2:      layout_basic
D:3:      layout_basic, ebering_ecumenical_altar_petrified, uniq_ijyb,
          uniq_grinder
D:4:      layout_loops_ring, mainiacjoe_overflow_brackets, lemuel_flame_loot_1

Skill      XL: |  1  2  3  4 |
---------------+-------------+-----
Stealth        | 3 4 |  4.5
Dodging        | 3 4 |  4.2
Conjurations   | 2 3 |  3.2
Spellcasting   | 4 |  4.9
Fire Magic     | 4 |  4.5

Action                     |  1- 3 |  4- 6 || total
---------------------------+-------+-------++-------
  Melee: Unarmed           |    10 |       ||    10
         Dagger            |       |    11 ||    11
   Cast: Foxfire           |   101 |    92 ||   193
         Scorch            |     3 |     9 ||    12
    Use: Scroll            |       |     1 ||     1
   Stab: Sleeping          |       |     2 ||     2
 Armour: Robe              |    11 |    17 ||    28
  Dodge: Dodged            |    10 |    17 ||    27
